 Dungeon Crawl Stone Soup version 0.30.1-9-gdf580d7c3d (webtiles) character file.

Game seed: 16426618275394420255

39 Ivernyr the Shield-Bearer (level 3, -1/29 HPs)
             Began as a Formicid Fighter on Oct 6, 2023.
             Killed from afar by Ijyb (13 damage)
             ... with a bolt of light
             ... on level 3 of the Dungeon.
             The game lasted 00:02:50 (1272 turns).

Ivernyr the Shield-Bearer (Formicid Fighter)        Turns: 1272, Time: 00:02:50

Health: -1/29      AC:  6    Str: 20    XL:     3   Next: 70%
Magic:  3/3        EV:  9    Int:  7    God:
Gold:   36         SH:  5    Dex: 15    Spells: 2/2 levels left

rFire   . . .        a - +0 great sword
rCold   . . .        c - +0 buckler
rNeg    . . .        b - +0 scale mail
rPois   .            (helmet unavailable)
rElec   .            (no cloak)
rCorr   .            (no gloves)
SInv    +            (no boots)
Will    .....        e - amulet of regeneration Stlth
                     (no ring)
HPRegen 1.04/turn    (no ring)
MPRegen 0.08/turn

%: no passive effects
@: no status effects
A: permanent stasis, dig shafts and tunnels, antennae 3, four strong arms
a: Dig, Shaft Self


You were on level 3 of the Dungeon.
You visited 1 branch of the dungeon, and saw 3 of its levels.

You collected 36 gold pieces.

Inventory:

Hand Weapons
 a - a +0 great sword (weapon)
Armour
 b - a +0 scale mail (worn)
 c - a +0 buckler (worn)
Jewellery
 e - an amulet of regeneration (around neck)
Scrolls
 f - a scroll of torment {unknown}
 g - 3 scrolls of identify {unknown}
 j - a scroll of enchant weapon {unknown}
 k - a scroll of magic mapping {unknown}
Potions
 d - a potion of might
 h - 2 potions of curing {unknown}
 i - 2 potions of lignification {unknown}
 l - a potion of ambrosia {unknown}


   Skills:
 + Level 3.6 Fighting
 * Level 2.8 Long Blades
 + Level 3.6 Armour
 + Level 4.4 Shields


You had 2 spell levels left.
You didn't know any spells.
Your spell library contained the following spells:

 Spells                   Type           Power      Damage    Failure   Level
 Ensorcelled Hibernation  Hex/Ice        0%         N/A       94%         2
 Passwall                 Tmut/Erth      0%         N/A       94%         2
 Swiftness                Air            Unusable   N/A       N/A         3

Dungeon Overview and Level Annotations

Branches:
Dungeon (3/15)

Altars:

Annotations:
D:3 Ijyb


Innate Abilities, Weirdness & Mutations

You cannot be hasted, slowed, berserked, paralysed or teleported.
You can dig through walls and to a lower floor.
You have a pair of large antennae on your head. (SInv)
Your four strong arms can wield two-handed weapons with a shield.


Message History

You kill the worm!
You see here 4 stones.
There is a stone staircase leading down here.
You pick up a book of Burglary and begin reading...
You add the spells Passwall and Ensorcelled Hibernation to your library.
A frilled lizard comes into view.
The frilled lizard hisses angrily.
The frilled lizard barely misses you.
You closely miss the frilled lizard.
The frilled lizard barely misses you. x2
You slash the frilled lizard!
You kill the frilled lizard!
Ijyb the Twisted Goblin comes into view.
She is wielding a +0 club and carrying a wand of light (9).
Ijyb shouts!
Ijyb is nearby!
Found a leather armour.
Ijyb zaps a wand.
The bolt of light hits you!
You are confused.
You hit Ijyb.
Ijyb is lightly wounded.
Ijyb barely misses you. x2
You barely miss Ijyb.
Ijyb is lightly wounded.
You feel less confused. You block Ijyb's attack.
You closely miss Ijyb.
Ijyb is lightly wounded.
Ijyb zaps a wand.
The bolt of light hits you.
You are confused.
Ijyb closely misses you.
You closely miss Ijyb.
Ijyb is lightly wounded.
Ijyb hits you with a +0 club.
Ijyb zaps a wand.
The bolt of light hits you!
You are more confused.
You barely miss Ijyb.
Ijyb is lightly wounded.
Ijyb hits you but does no damage.
You're too confused to move!
You feel less confused.
Ijyb zaps a wand.
The bolt of light hits you!
You die...

#. ##.# ###... .....
### #...# #..
.##..######## #.#
##.#...g....... ..#
#......@.####### #.#
#.###.##....[..# #.#
#.# #.##.##..... ##.##
#.###.#...#.##.#
##.#.## #...........#
##.###.###.###.#...###
#.## ##.##>##..##.####
#
##.###.###(##.###.....
# ##.#.............###
#


You could see Ijyb.

Vanquished Creatures
  A worm (D:3)
  A dart slug (D:2)
  5 endoplasms
  3 goblins
  2 hobgoblins (D:2)
  2 jackals (D:2)
  3 quokkas
  A ball python (D:2)
  6 bats
  A frilled lizard (D:3)
  4 kobolds
  2 rats (D:2)
31 creatures vanquished.

Notes
Turn   | Place    | Note
-------+----------+-------------------------------------------
     0 | D:1      | Ivernyr the Formicid Fighter began the quest for the Orb.
     0 | D:1      | Reached XP level 1. HP: 18/18 MP: 1/1
     2 | D:1      | Noticed a human
     2 | D:1      | Noticed an ogre
     4 | D:1      | Noticed an armataur
     6 | D:1      | Noticed a ghoul
     6 | D:1      | Noticed a spriggan
     8 | D:1      | Noticed a vampire
     8 | D:1      | Noticed a gargoyle
    10 | D:1      | Noticed a formicid
    10 | D:1      | Noticed a meteoran
    12 | D:1      | Noticed a troll
    12 | D:1      | Noticed an octopode
    14 | D:1      | Noticed a minotaur
    14 | D:1      | Noticed a felid
    16 | D:1      | Noticed a vine stalker
    16 | D:1      | Noticed a draconian
    18 | D:1      | Noticed a merfolk
    20 | D:1      | Noticed a tengu
    23 | D:1      | Noticed a demigod
    23 | D:1      | Noticed a naga
    25 | D:1      | Noticed a naga
    25 | D:1      | Noticed an elf
    27 | D:1      | Noticed a felid
    27 | D:1      | Noticed a troll
   293 | D:1      | Reached XP level 2. HP: 24/24 MP: 2/2
   792 | D:2      | Reached XP level 3. HP: 27/29 MP: 3/3
  1263 | D:3      | Noticed Ijyb
  1272 | D:3      | Killed from afar by Ijyb

Illustrated notes

Levels and vault maps discovered:
D:1:      kb_arrival_jail, layout_basic, chequers_serial_rivers_micro_e
D:2:      layout_rooms, grunt_ministairs_2, minmay_stone_trees_small
D:3:      layout_loops_ring, mainiacjoe_overflow_cross_hatched,
          bh_walls_and_bars, uniq_ijyb

Action                     || total
---------------------------++-------
  Melee: Long sword        ||    38
         Great sword       ||    54
 Armour: Scale mail        ||    45
  Dodge: Dodged            ||    59
  Block: Buckler           ||    39
